 Dungeon Crawl Stone Soup version 0.28.0-49-g6dfe1f597d (webtiles) character file.

Game seed: 2464693597902132998

1712 issech the Cudgeller (level 8, -2/71 HPs)
             Began as a Troll Monk on May 12, 2022.
             Was a Believer of Hepliaklqana.
             Slain by a killer bee (7 damage)
             ... on level 7 of the Dungeon.
             The game lasted 00:18:07 (5932 turns).

issech the Cudgeller (Troll Monk)                   Turns: 5932, Time: 00:18:08

Health: -2/71      AC:  7    Str: 24    XL:     8   Next: 74%
Magic:  7/7        EV: 11    Int:  4    God:    Hepliaklqana [**....]
Gold:   302        SH:  0    Dex: 14    Spells: 7/7 levels left

rFire   x . .      SeeInvis .   m - +6 flail "Ogreslayer" {flame, rN+ Str+4 Int-2}
rCold   + . .      Faith    .   (no shield)
rNeg    + . .      Spirit   .   K - +2 robe {Will+}
rPois   .          Reflect  .   (helmet restricted)
rElec   .          Harm     .   y - +0 cloak
rCorr   .          Rampage  .   (gloves unavailable)
Will    +....                   (boots unavailable)
Stlth   ++........              (no amulet)
HPRegen 1.01/turn               u - ring of ice
MPRegen 0.10/turn               o - +4 ring of slaying

@: lethally poisoned (-2 -> -2)
A: reduced essence, large, unfitting armour, claws 3, regeneration 1, shaggy fur
1, tough skin 1
a: Renounce Religion, Recall Ancestor, Ancestor Identity


You were on level 7 of the Dungeon.
You worshipped Hepliaklqana.
Hepliaklqana was pleased with you.
You visited 2 branches of the dungeon, and saw 8 of its levels.

You collected 302 gold pieces.

Inventory:

Hand Weapons
 m - the +6 flail "Ogreslayer" (weapon) {flame, rN+ Str+4 Int-2}
   (You found it on level 6 of the Dungeon)

   It burns those it strikes, dealing additional fire damage.
   Str:       It affects your strength (+4).
   Int:       It affects your intelligence (-2).
   rN:        It protects you from negative energy.
 s - a +0 mace of holy wrath
 x - a +0 giant spiked club
 z - a +4 quarterstaff of chaos
 I - the +11 hand crossbow "Heme" {elec, rElec Will+ Int+4 Dex-5}
   (You found it on level 5 of the Dungeon)

   Any ammunition fired from it occasionally discharges a powerful burst of
   electricity upon striking a foe.
   Int:       It affects your intelligence (+4).
   Dex:       It affects your dexterity (-5).
   rElec:     It insulates you from electricity.
   Will:      It increases your willpower.
 J - a +1 dagger of venom
Missiles
 a - 4 atropa-tipped darts
 d - 170 stones (quivered)
 e - 50 sling bullets
 l - 124 arrows
 w - a throwing net
 B - 6 boomerangs
 C - 17 bolts
Armour
 y - a +0 cloak (worn)
 K - a +2 robe of willpower (worn)
Magical Staves
 i - a staff of air
Jewellery
 g - a +6 ring of intelligence
 o - a +4 ring of slaying (right claw)
 p - a ring of wizardry
 u - a ring of ice (left claw)
Wands
 t - a wand of iceblast (8)
Scrolls
 f - a scroll of fear
 h - 4 scrolls of teleportation
 n - 2 scrolls of noise
 r - 2 scrolls of amnesia
 v - a scroll of immolation {unknown}
 A - a scroll of vulnerability {unknown}
 G - a scroll of enchant armour {unknown}
Potions
 b - a potion of heal wounds {unknown}
 c - a potion of berserk rage {unknown}
 j - 2 potions of brilliance {unknown}
 k - 2 potions of curing {unknown}
 q - a potion of lignification {unknown}
 D - 3 potions of haste
 E - a potion of attraction {unknown}
 F - a potion of flight {unknown}
 H - a potion of mutation {unknown}


   Skills:
 + Level 4.4 Fighting
 + Level 6.5(7.1) Maces & Flails
 + Level 3.6(5.3) Staves
 + Level 2.2 Throwing
 + Level 4.4 Dodging
 + Level 2.4 Stealth


You had 7 spell levels left.
You didn't know any spells.
Your spell library contained the following spells:

 Spells                   Type           Power      Damage    Failure   Level
 Animate Skeleton         Necr           0%         N/A       50%         1
 Pain                     Necr           0%         1d4       50%         1
 Vampiric Draining        Necr           0%         2d6       86%         3
 Animate Armour           Summ/Erth      0%         N/A       99%         4
 Blade Hands              Tmut           0%         N/A       100%        5
 Iron Shot                Conj/Erth      0%         9d1       100%        6


Dungeon Overview and Level Annotations

Branches:
Dungeon (7/15)             Temple (1/1) D:5

Altars:
Ashenzari
Cheibriados
Dithmenos
Elyvilon
Gozag
Hepliaklqana
Kikubaaqudgha
Makhleb
Nemelex Xobeh
Okawaru
Qazlal
Ru
Sif Muna
Trog
Uskayaw
Vehumet
Wu Jian
Xom
Yredelemnul
Zin
The Shining One

Shops:
D:5 :


Innate Abilities, Weirdness & Mutations

Your life essence is reduced to manifest your ancestor. (-10% HP)
You are too large for most types of armour.
You have claws for hands.
Your natural rate of healing is unusually fast.
You are covered in fur. (AC +1)
You have tough skin. (AC +1)


Message History

The puff of frost hits the ogre!
You swap places.
The killer bee stings you but does no damage.
Msizi hits the ogre with a +0 quarterstaff!
The ogre hits Msizi with a +0 giant club!
The killer bee stings Msizi.
The killer bee stings you!
You are poisoned.
The killer bee poisons you!
You feel sick. The killer bee stings you.
You are more poisoned.
The killer bee poisons you!
The killer bee stings Msizi!
Msizi is destroyed!
The killer bee stings you but does no damage.
The killer bee stings you!
You are more poisoned.
The killer bee poisons you!
You feel very sick.
You feel very sick.
You barely miss the killer bee.
You feel very sick. The killer bee stings you. The orc hits you with a +0 whip.
You sock the killer bee! You burn the killer bee.
You kill the killer bee!
You feel sick. The orc closely misses you.
You closely miss the killer bee.
You feel sick. The killer bee barely misses you.
The killer bee stings you but does no damage.
The orc hits you with a +0 whip. The killer bee stings you. x2
You feel sick. The killer bee closely misses you.
The killer bee barely misses you. The killer bee stings you!
* * * LOW HITPOINT WARNING * * *
You feel sick. The killer bee barely misses you.
You feel sick. The killer bee barely misses you.
You feel sick. The killer bee closely misses you. The killer bee stings you.
* * * LOW HITPOINT WARNING * * *
The killer bee closely misses you.
You feel sick. The killer bee barely misses you. The killer bee stings you!
* * * LOW HITPOINT WARNING * * *
The killer bee stings you!
You die...

.$........#.#.##........
..........#.............
...........#..........!.
........................
..........#†..........##
.........!##.O........#
..........##..........#
.........###..oyy.....#
..........####.y@######
.$.............#....#
..........###..#.##.#
...... #..#.## #
......###.....#
......[.......#
.........####....#
....)..<.# ##...#
.........# #...#


You could see an ogre, 3 killer bees and an orc.

Vanquished Creatures
  Menkaure (D:5)
  Duvessa (D:5)
  3 ogres
  A necrophage (D:4)
  2 centaurs
  The ghost of hawla the Digger, an amateur FeEE (D:3)
  2 scorpions
  A killer bee (D:7)
  A hound (D:6)
  A gnoll shaman (D:4)
  Crazy Yiuf (D:2)
  A centaur skeleton (D:6)
  2 bullfrog skeletons
  Natasha (twice) (D:2)
  2 iguanas
  2 killer bee zombies
  A hound zombie (D:5)
  9 gnolls
  9 adders
  A white imp (D:5)
  An adder skeleton (D:3)
  2 worms
  A dart slug (D:1)
  7 orcs
  4 ball pythons
  10 endoplasms
  5 giant cockroaches
  6 goblins
  8 hobgoblins
  6 jackals
  5 kobolds
  2 quokkas (D:1)
  4 bats
  A quokka skeleton (D:4)
  5 rats
  A bush (D:3)
112 creatures vanquished.

Vanquished Creatures (collateral kills)
  A water moccasin (D:6)
  Dowan (D:5)
  An adder (D:5)
3 creatures vanquished.

Vanquished Creatures (others)
  A battlemage (D:7)
  A bush (D:3)
  5 fungi (D:2)
  12 plants (D:3)
19 creatures vanquished.

Grand Total: 134 creatures vanquished

Notes
Turn   | Place    | Note
-------+----------+-------------------------------------------
     0 | D:1      | issech the Troll Monk began the quest for the Orb.
     0 | D:1      | Reached XP level 1. HP: 22/22 MP: 0/0
   126 | D:1      | Reached XP level 2. HP: 29/29 MP: 1/1
   180 | D:1      | Reached skill level 3 in Maces & Flails
   249 | D:1      | Reached XP level 3. HP: 36/36 MP: 2/2
  1080 | D:2      | Noticed Natasha
  1093 | D:2      | Killed Natasha
  1094 | D:2      | Reached XP level 4. HP: 32/44 MP: 3/3
  1339 | D:2      | Found a runed translucent door.
  1340 | D:2      | Noticed Crazy Yiuf
  1368 | D:2      | Found a faded altar of an unknown god.
  1483 | D:2      | Noticed Natasha
  1499 | D:2      | Killed Natasha
  1809 | D:3      | Reached XP level 5. HP: 52/53 MP: 4/4
  1907 | D:3      | Found a transporter.
  1907 | D:3      | Noticed hawla's ghost (amateur FeEE)
  1977 | D:3      | Reached skill level 4 in Maces & Flails
  2129 | D:3      | Found a transporter.
  2227 | D:3      | Reached skill level 1 in Throwing
  2597 | D:4      | Noticed an ogre
  2604 | D:4      | Killed an ogre
  2605 | D:4      | Reached XP level 6. HP: 22/61 MP: 5/5
  2826 | D:4      | Reached skill level 5 in Maces & Flails
  2898 | D:4      | Reached XP level 7. HP: 51/68 MP: 6/6
  3235 | D:2      | Killed Crazy Yiuf
  3749 | D:3      | Killed hawla's ghost
  3867 | D:5      | Entered Level 5 of the Dungeon
  3904 | D:5      | Noticed Menkaure
  3912 | D:5      | Killed Menkaure
  3913 | D:5      | Reached skill level 6 in Maces & Flails
  3913 | D:5      | Reached skill level 1 in Staves
  4088 | D:5      | Reached XP level 8. HP: 47/78 MP: 7/7
  4467 | D:5      | Found a staircase to the Ecumenical Temple.
  4471 | D:5      | Identified the +11 hand crossbow "Heme" {elec, rElec Will+
                  | Int+4 Dex-5}
  4481 | Temple   | Entered the Ecumenical Temple
  4827 | Temple   | Became a worshipper of Hepliaklqana the Forgotten
  4827 | Temple   | Reached * piety under Hepliaklqana
  4827 | Temple   | Reached ** piety under Hepliaklqana
  4828 | Temple   | Remembered your ancestor Msizi as a battlemage
  4926 | D:5      | Found Jiqyohia's Book Boutique.
  4984 | D:5      | Noticed Duvessa
  4984 | D:5      | Noticed Dowan
  4988 | D:5      | Killed Duvessa
  4989 | D:5      | Killed Dowan
  5090 | D:6      | Identified the +6 flail "Ogreslayer" {flame, rN+ Str+4
                  | Int-2}
  5932 | D:7      | Slain by a killer bee

Illustrated notes

Levels and vault maps discovered:
D:1:      amcnicky_arrival_abandoned_market, layout_loops_ring,
          minmay_pentomino_q2
D:2:      layout_rooms, hellmonk_ecumenical_altar_prayer_group,
          grunt_ministairs_11, nicolae_elevator_lobby_asterisk, uniq_natasha,
          uniq_crazy_yiuf_cottage
D:3:      layout_loops_cross, gammafunk_ghost_arena, serial_forest,
          infiniplex_forest_lined_corner, infiniplex_forest_corner_2,
          infiniplex_forest_clump_double, infiniplex_forest_clump_C,
          infiniplex_forest_lined_room_2, infiniplex_forest_diagonal,
          infiniplex_forest_clump_small, infiniplex_forest_end_3
D:4:      layout_basic, chequers_serial_rivers_marsh
D:5:      layout_basic, minmay_temple_entry_nine_rooms, nicolae_take_the_stairs,
          dk_noncrumbling_3, uniq_duvessa, uniq_menkaure
D:6:      layout_loops_ring, minmay_misc_feat_five
D:7:      layout_rooms, minmay_misc_feat_square, chequers_serial_rivers_micro_c
Temple:   mainiacjoe_temple_trianglar_array

Skill      XL: |  1  2  3  4  5  6  7  8 |
---------------+-------------------------+-----
Maces & Flails | 3 4 5 6 |  6.5
Dodging        | 3 4 |  4.4
Fighting       | 3 4 |  4.4
Throwing       | 1 2 |  2.2
Staves         | 1 3 |  3.6
Stealth        | 2 |  2.4

Action                   |  1- 3 |  4- 6 |  7- 9 || total
-------------------------+-------+-------+-------++-------
Melee: Mace              |   103 |    90 |       ||   193
       Punch             |     1 |     1 |       ||     2
       Flail             |       |    76 |    25 ||   101
       Giant club        |       |    26 |    29 ||    55
       Quarterstaff      |       |       |    49 ||    49
Throw: Stone             |    10 |    22 |    14 ||    46
Invok: Ancestor Life: Ba |       |       |     1 ||     1
  Use: Scroll            |       |       |     4 ||     4
 Stab: Sleeping          |     2 |     3 |     2 ||     7
Armor: Robe              |    51 |    44 |    41 ||   136
Dodge: Dodged            |    62 |    89 |    68 ||   219
